 Dungeon Crawl Stone Soup version 0.18-b1-2-gd0c887e (webtiles) character file.

646 juanjsm the Sneak (level 7, -5/32 HPs)
             Began as a Spriggan Venom Mage on Apr 28, 2016.
             Slain by an ice beast (11 damage)
             ... on level 6 of the Dungeon.
             The game lasted 00:35:56 (5714 turns).

juanjsm the Sneak (Spriggan Venom Mage)             Turns: 5714, Time: 00:35:57

Health: -5/32      AC:  2    Str:  9    XL:     7   Next: 27%
Magic:  1/15       EV: 21    Int: 18    God:
Gold:   215        SH:  0    Dex: 17    Spells: 6 memorised, 2 levels left

rFire  . . .     SeeInvis +     f - +0 dagger
rCold  . . .     Gourm    .     a - +0 robe
rNeg   . . .     Faith    .     (shield restricted)
rPois  .         Spirit   .     (helmet restricted)
rElec  .         Dismiss  .     (no cloak)
rCorr  .         Reflect  .     (gloves unavailable)
SustAt .         Harm     .     (boots unavailable)
MR     +....                    (no amulet)
Stlth  ++++......               u - ring of flight
                                D - +5 ring of strength

@: very slightly contaminated, very quick, somewhat resistant to hostile
enchantments, stealthy
A: unfitting armour, see invisible, herbivore 3, speed 3, slow metabolism 2
a: Evoke Flight


You were on level 6 of the Dungeon.
You were near starving.

You visited 1 branch of the dungeon, and saw 7 of its levels.

You collected 215 gold pieces.

Inventory:

Hand Weapons
 f - a +0 dagger (weapon)
Armour
 a - a +0 robe (worn)
 y - a +0 large shield
Jewellery
 r - an uncursed ring of ice
 u - a ring of flight (right hand)
 D - a +5 ring of strength (left hand)
Scrolls
 d - 9 scrolls of identify {unknown}
 g - 4 scrolls of fog {unknown}
 h - 2 scrolls of random uselessness {unknown}
 j - 3 scrolls of enchant weapon {unknown}
 k - 4 scrolls of remove curse {unknown}
 l - 2 scrolls of enchant armour {unknown}
 o - 2 scrolls of teleportation {unknown}
 p - a scroll of amnesia {unknown}
 w - a scroll of noise {unknown}
 C - a scroll of fear {unknown}
Potions
 e - 2 potions of mutation {unknown}
 i - 2 potions of lignification {unknown}
 m - a potion of agility {unknown}
 q - 2 potions of heal wounds {unknown}
 s - a potion of flight {unknown}
 t - 2 potions of brilliance {unknown}
 A - 3 potions of curing {unknown}
 B - a potion of invisibility {unknown}
Books
 b - a Young Poisoner's Handbook

   Spells                             Type                      Level
   a - Sting                          Conjuration/Poison           1
   b - Cure Poison                    Poison                       2
   c - Mephitic Cloud                 Conjuration/Poison/Air       3
   d - Olgreb's Toxic Radiance        Poison                       4
   e - Venom Bolt                     Conjuration/Poison           5
 v - a book of Death

   Spells                             Type                      Level
   a - Corpse Rot                     Necromancy                   2
   b - Sublimation of Blood           Necromancy                   2
   c - Agony                          Necromancy                   5
   d - Dispel Undead                  Necromancy                   5
   e - Excruciating Wounds            Charms/Necromancy            5
   f - Bolt of Draining               Conjuration/Necromancy       5
 x - a book of Maledictions

   Spells                             Type                      Level
   a - Corona                         Hexes                        1
   b - Ensorcelled Hibernation        Hexes/Ice                    2
   c - Confuse                        Hexes                        3
   d - Tukima's Dance                 Hexes                        3
   e - Dazzling Spray                 Conjuration/Hexes            3
Comestibles
 c - 2 bread rations
 z - 5 fruits


   Skills:
 + Level 0.4 Fighting
 + Level 0.7 Short Blades
 + Level 5.3 Dodging
 + Level 6.4 Stealth
 + Level 5.1 Spellcasting
 + Level 1.5 Conjurations
 + Level 2.3 Hexes
 + Level 0.2 Ice Magic
 + Level 0.6 Air Magic
 + Level 5.1 Poison Magic


You had 2 spell levels left.
You knew the following spells:

 Your Spells              Type           Power        Failure   Level  Hunger
a - Sting                 Conj/Pois      ###.         3%          1    None
b - Cure Poison           Pois           ###.......   2%          2    #......
c - Mephitic Cloud        Conj/Pois/Air  ##......     17%         3    ##.....
d - Ensorcelled Hibernat  Hex/Ice        #.....       12%         2    #......
e - Dazzling Spray        Conj/Hex       ##......     21%         3    ##.....
f - Confuse               Hex            ##......     17%         3    ##.....


Dungeon Overview and Level Annotations

Branches:
Dungeon (7/15)
 Temple: D:4-7

Altars:
Cheibriados
Fedhas
Xom
Yredelemnul
Zin

Annotations:
D:2 Sigmund
D:4 barb4r1an's ghost, amateur DrTm
D:5 Dowan; pragmatic's ghost, novice GrFi


Innate Abilities, Weirdness & Mutations

You are tiny and cannot use many weapons and most armour.
You have supernaturally acute eyesight.
You are a herbivore.
You cover ground extremely quickly.
You need consume almost no food.


Message History

The ice beast closely misses you.
You closely miss the ice beast.
The ice beast is almost dead.
The ice beast hits you. The ice beast freezes you!
* * * LOW HITPOINT WARNING * * *
Casting: Dazzling Spray
Confirm with . or Enter, or press ? or * to list all spells.
Aiming: Confuse
Press: ? - help, Shift-Dir - straight line, f/p - ice beast
Aim: an ice beast (almost dead, chance to defeat MR: 44%)
The ice beast appears confused.
The ice beast misses you.
You hit the ice beast but do no damage.
The ice beast is almost dead.
You barely miss the ice beast.
The ice beast is almost dead.
The ice beast hits you.
* * * LOW HITPOINT WARNING * * *
The ice beast freezes you!
You die...

#.#
############
#.# #.# #.#
#.# #.# #.#
#.#######Y#
#.......@.#
###########


You could see an ice beast (confused).

Vanquished Creatures
  A sky beast (D:6)
  A centaur (D:5)
  A scorpion (D:5)
  3 howler monkeys (D:4)
  A hound (D:4)
  2 orc priests (D:3)
  2 iguanas
  4 gnolls
  6 adders
  2 oozes
  An adder skeleton (D:3)
  3 dart slugs (D:1)
  2 giant geckos
  6 orcs
  3 giant cockroaches
  10 goblins
  7 hobgoblins
  8 jackals
  7 kobolds
  A quokka (D:5)
  3 bats
  6 giant newts
  A kobold zombie (D:3)
  A quokka zombie (D:5)
  5 rats
87 creatures vanquished.

Notes
Turn   | Place    | Note
--------------------------------------------------------------
     0 | D:1      | juanjsm the Spriggan Venom Mage began the quest for the Orb.
     0 | D:1      | Reached XP level 1. HP: 9/9 MP: 5/5
   368 | D:2      | Reached XP level 2. HP: 13/13 MP: 4/7
   373 | D:2      | Learned a level 2 spell: Cure Poison
   472 | D:1      | Reached XP level 3. HP: 7/16 MP: 0/8
   477 | D:1      | Learned a level 3 spell: Mephitic Cloud
   986 | D:3      | Noticed Sigmund
  1004 | D:2      | Noticed an angel
  1011 | D:2      | Found a snail-covered altar of Cheibriados.
  1029 | D:2      | Found a blossoming altar of Fedhas.
  1125 | D:2      | Reached XP level 4. HP: 11/21 MP: 2/10
  1147 | D:2      | Found a shimmering altar of Xom.
  1147 | D:2      | Found a glowing silver altar of Zin.
  1547 | D:5      | Entered Level 5 of the Dungeon
  1570 | D:3      | Found a runed door.
  1570 | D:3      | Noticed a human
  1581 | D:3      | Found a basalt altar of Yredelemnul.
  1908 | D:3      | Reached skill level 4 in Stealth
  1921 | D:3      | Reached skill level 1 in Conjurations
  1921 | D:3      | Reached XP level 5. HP: 20/24 MP: 2/11
  2205 | D:4      | Noticed barb4r1an's ghost (amateur DrTm)
  2915 | D:3      | Learned a level 2 spell: Ensorcelled Hibernation
  2919 | D:3      | Learned a level 3 spell: Dazzling Spray
  2975 | D:4      | Reached skill level 5 in Poison Magic
  3034 | D:4      | You fall through a shaft!
  3075 | D:5      | Noticed a centaur
  3200 | D:5      | Reached skill level 5 in Stealth
  3200 | D:5      | Reached XP level 6. HP: 20/29 MP: 1/13
  3808 | D:4      | Reached skill level 5 in Dodging
  4187 | D:4      | Learned a level 3 spell: Confuse
  4479 | D:4      | Reached skill level 1 in Hexes
  4759 | D:5      | Noticed pragmatic's ghost (novice GrFi)
  5034 | D:6      | Noticed a sky beast
  5034 | D:6      | Noticed an ice beast
  5042 | D:6      | Killed a sky beast
  5042 | D:6      | Reached skill level 6 in Stealth
  5042 | D:6      | Reached skill level 5 in Spellcasting
  5042 | D:6      | Reached XP level 7. HP: 22/32 MP: 5/15
  5268 | D:5      | Noticed Dowan
  5714 | D:6      | Slain by an ice beast

Skill      XL: |  1  2  3  4  5  6  7 |
---------------+----------------------+-----
Spellcasting   | 3 4 5 |  5.1
Stealth        | 4 5 6 |  6.4
Conjurations   | 1 |  1.5
Dodging        | 4 5 |  5.3
Poison Magic   | 5 |  5.1
Hexes          | 1 2 |  2.3
Fighting       | |  0.4
Short Blades   | |  0.7
Ice Magic      | |  0.2
Air Magic      | |  0.6

Action                   |  1- 3 |  4- 6 |  7- 9 || total
-------------------------+-------+-------+-------++-------
Melee: Unarmed           |    11 |       |       ||    11
       Dagger            |    26 |   131 |    26 ||   183
 Cast: Sting             |    58 |    85 |       ||   143
       Mephitic Cloud    |       |     6 |       ||     6
       Ensorcelled Hiber |       |    21 |     2 ||    23
       Cure Poison       |       |     1 |       ||     1
       Confuse           |       |     9 |     8 ||    17
 Stab: Sleeping          |     5 |    17 |     3 ||    25
       Confused          |       |     6 |     1 ||     7
  Eat: Fruit             |       |     1 |       ||     1
       Pizza             |       |     1 |       ||     1
Armor: Robe              |     3 |    15 |     1 ||    19
Dodge: Dodged            |    49 |   181 |    23 ||   253
